Login

Wuhan Clan vs Giants

Created - November 26, 2023 at 12:09

Goals
1 2 3 T
Wuhan Clan 1 0 0 1
Giants 0 1 2 3
Shots
1 2 3 T
Wuhan Clan 4 5 10 19
Giants 7 10 12 29

GoalsPenalties
1st period
1. Wuhan Clan , Adam Lowry 5 (Aaron Ekblad 6, Michael Rasmussen 4) at 6:58
No Penalty
2nd period
2. Giants , Vincent Trocheck 3 (Alex Pietrangelo 6, El Burrito Peligroso 7) at 16:38 (PP)
Mario Ferraro (ULS) for Tripping (Minor) at 14:19
Chu Kock (WUH) for Interference (Minor) at 14:19
Aaron Ekblad (WUH) for Hooking (Minor) at 16:20
3rd period
3. Giants , Mario Ferraro 3 (Timo Meier 5, Alex Pietrangelo 7) at 5:57
4. Giants , El Burrito Peligroso 3 (Alex Ovechkin 5) at 19:43 (Empty Net)
Jacob Larsson (WUH) for Hooking (Minor) at 9:50
Goalie Stats
Jacob Markstrom (WUH), 26 saves from 28 shots - (0.929), L, 4-10-1, 59:12 minutes
Juuse Saros (ULS), 18 saves from 19 shots - (0.947), W, 12-3-0, 60:00 minutes
3 StarsOfficial
1 - El Burrito Peligroso (ULS)
2 - Mario Ferraro (ULS)
3 - Alex Pietrangelo (ULS)
Referees : Unknown
Linesman : Unknown
Game Note
El Burrito Peligroso has scored in a empty net!
Finance
Level 1 -- Attendance: 4872 (81.20%) -- Ticket Income $487,200
Level 2 -- Attendance: 3882 (77.64%) -- Ticket Income $232,920
Level 3 -- Attendance: 1537 (76.85%) -- Ticket Income $53,795
Level 4 -- Attendance: 3272 (81.80%) -- Ticket Income $81,800
Luxury Box -- Attendance: 1000 (100.00%) -- Ticket Income $200,000
Game was played at the Shankill Leisure Centre.
Total Attendance: 14563 (80.91%)
Total Ticket Income: $1,055,715
Other Income: $422,286
Total Income: $1,478,001



Team Name Goals Shots Shots Attemp Shots Blocked PIM HIT PP PK FO%
Wuhan Clan 1193676260 / 0 (0.00%140%
Giants 3295422231 / 2 (50%)060%

Wuhan Clan
Player Name POS G A P +/- PIM HIT SHT SB MP PP MP PP SHT PK MP PK SHT FO% FOT
Aaron EkbladD0111221122:290:0000:2800% 0
Adam LowryC1010022018:360:0000:55033% 12
Brock NelsonC0000011019:130:0000:30050% 12
Chu KockRW000-1220015:340:0000:550100% 1
Connor CliftonD0000060022:130:0000:4000% 0
David KrejciC/LW000-1011014:430:0000:0300% 1
Dougie HamiltonD0000020120:130:0001:1600% 0
Elias PetterssonC000-1003123:120:0001:22033% 18
Gabriel CarlssonD0000041018:470:0000:3600% 0
Jack QuinnRW000000007:070:0000:0000% 0
Jacob LarssonD000-2200217:010:0000:1800% 0
Jason DickinsonC/LW0000002017:560:0000:120100% 1
Jesperi KotkaniemiC/LW000002107:560:0000:49042% 12
Kevin LabancRW0000023016:340:0000:000100% 1
Michael RasmussenC/LW0110021016:340:0000:0000% 1
Tomas TatarLW/RW0000002017:230:0000:0000% 1
Travis DermottD000-1001218:350:0001:0400% 0
Wyatt JohnstonC000000001:350:0000:0000% 0
Giants
Player Name POS G A P +/- PIM HIT SHT SB MP PP MP PP SHT PK MP PK SHT FO% FOT
Adam FoxD0000000218:531:0600:0000% 0
Alex OvechkinLW/RW0110045016:311:2420:0000% 1
Alex PietrangeloD0221014023:221:1120:0000% 0
Alexander RomanovD0000011018:260:0000:0000% 0
Chandler StephensonC/LW000-1001015:270:0000:00058% 12
El Burrito PeligrosoC/RW1120042023:041:2400:00050% 2
Filip ForsbergC/LW/RW0000001019:010:5300:0000% 1
Jake EvansC/RW000100006:500:0000:00040% 5
Joel EdmundsonD000-1021017:210:0000:0000% 0
Kevin FialaLW/RW0001001016:060:0000:000100% 1
Mario FerraroD1012242016:421:1110:0000% 0
Moritz SeiderD0000020023:431:0600:0000% 0
Nikita KucherovRW0000003020:500:5300:0000% 1
Sidney CrosbyC0000012020:160:5300:00067% 21
Timo MeierLW/RW0111013016:030:0000:0000% 0
Tyler ToffoliLW/RW000002006:260:0000:0000% 1
Vincent TrocheckC1011003017:271:2410:00073% 15
Zach WhitecloudD000001001:320:0000:0000% 0

Wuhan Clan

5 vs 5 Forward
Line #Left WingCenterRight WingPHYDFOFWanted %Time %Time Play
1David KrejciElias PetterssonChu Kock1223026%14:24
2Jason DickinsonBrock NelsonTomas Tatar1222831%17:23
3Michael RasmussenAdam LowryKevin Labanc1222630%16:34
4Elias PetterssonJesperi KotkaniemiJack Quinn1221613%7:07
5 vs 5 Defense
Line #DefenseDefensePHYDFOFWanted %Time %Time Play
1Aaron EkbladConnor Clifton1223026%14:29
2Dougie HamiltonGabriel Carlsson1222832%17:50
3Travis DermottJacob Larsson1222630%16:28
4Aaron EkbladConnor Clifton1221612%6:41
Power Play Forward
Line #Left WingCenterRight WingPHYDFOFWanted %Time %Time Play
1David KrejciElias PetterssonChu Kock122550%0:00
2Jason DickinsonBrock NelsonTomas Tatar122450%0:00
Power Play Defense
Line #DefenseDefensePHYDFOFWanted %Time %Time Play
1Aaron EkbladConnor Clifton122550%0:00
2Dougie HamiltonAaron Ekblad122450%0:00
Penalty Kill 4 Players Forward
Line #CenterWingPHYDFOFWanted %Time %Time Play
1Elias PetterssonBrock Nelson1225560%1:22
2Adam LowryChu Kock1224540%0:55
Penalty Kill 4 Players Defense
Line #DefenseDefensePHYDFOFWanted %Time %Time Play
1Aaron EkbladConnor Clifton1225545%1:01
2Dougie HamiltonConnor Clifton1224555%1:16
Penalty Kill 3 Players
Line #WingPHYDFOFWanted %Time %Time PlayDefenseDefensePHYDFOFWanted %Time %Time Play
1Elias Pettersson122550%0:00 Aaron EkbladConnor Clifton122550%0:00
2Brock Nelson122450%0:00 Dougie HamiltonConnor Clifton122450%0:00
4 vs 4 Forward
Line #CenterWingPHYDFOFWanted %Time %Time Play
1Elias PetterssonBrock Nelson1225544%0:52
2Adam LowryChu Kock1224556%1:07
4 vs 4 Defense
Line #DefensePHYDFOFWanted %Time %Time Play
1Aaron EkbladConnor Clifton1225544%55% - 0:52
2Dougie HamiltonAaron Ekblad1224556%45% - 1:07
Last Minutes Offensive
Left WingCenterRight WingDefenseDefense
David KrejciElias PetterssonChu KockAaron EkbladConnor Clifton
Last Minutes Defensive
Left WingCenterRight WingDefenseDefense
David KrejciElias PetterssonChu KockAaron EkbladConnor Clifton
Time
Total ForwardTotal DefenseLast Minutes OffensiveLast Minutes Defensive
60:00 60:00 0:160:00
Extra Forwards
Normal PowerPlayPenalty Kill
Wyatt Johnston, Michael Rasmussen, Jesperi KotkaniemiWyatt Johnston, Michael RasmussenJesperi Kotkaniemi
Extra Defensemen
Normal PowerPlayPenalty Kill
Travis Dermott, Jacob Larsson, Dougie HamiltonTravis Dermott, Jacob LarssonDougie Hamilton
Penalty Shots
Elias Pettersson, Brock Nelson, Adam Lowry, Chu Kock, David Krejci
Goalie
Jacob Markstrom, James Reimer
Custom OT Lines Forwards
Elias Pettersson, Brock Nelson, Adam Lowry, Chu Kock, David Krejci, Jason Dickinson, Tomas Tatar, Michael Rasmussen, Jesperi Kotkaniemi, Wyatt Johnston
Custom OT Lines Defensemen
Aaron Ekblad, Connor Clifton, Dougie Hamilton, Jacob Larsson, Travis Dermott
Scratches
Mark Borowiecki (Healthy), Blake Coleman (Healthy), Alexander Nylander (Healthy)

Giants

5 vs 5 Forward
Line #Left WingCenterRight WingPHYDFOFWanted %Time %Time Play
1Filip ForsbergSidney CrosbyNikita Kucherov1223133%18:08
2Alex OvechkinChandler StephensonEl Burrito Peligroso1222927%14:43
3Kevin FialaVincent TrocheckTimo Meier1222729%16:03
4Tyler ToffoliJake EvansEl Burrito Peligroso1221312%6:26
5 vs 5 Defense
Line #DefenseDefensePHYDFOFWanted %Time %Time Play
1Moritz SeiderAdam Fox1223028%15:33
2Mario FerraroAlex Pietrangelo1222827%15:08
3Alexander RomanovJoel Edmundson1222631%17:21
4Moritz SeiderAlex Pietrangelo1221613%7:18
Power Play Forward
Line #Left WingCenterRight WingPHYDFOFWanted %Time %Time Play
1Filip ForsbergSidney CrosbyNikita Kucherov1225539%0:53
2Alex OvechkinVincent TrocheckEl Burrito Peligroso1224561%1:24
Power Play Defense
Line #DefenseDefensePHYDFOFWanted %Time %Time Play
1Moritz SeiderAdam Fox1225548%1:06
2Mario FerraroAlex Pietrangelo1224552%1:11
Penalty Kill 4 Players Forward
Line #CenterWingPHYDFOFWanted %Time %Time Play
1Sidney CrosbyChandler Stephenson122550%0:00
2Vincent TrocheckJake Evans122450%0:00
Penalty Kill 4 Players Defense
Line #DefenseDefensePHYDFOFWanted %Time %Time Play
1Moritz SeiderAlexander Romanov122550%0:00
2Mario FerraroAlex Pietrangelo122450%0:00
Penalty Kill 3 Players
Line #WingPHYDFOFWanted %Time %Time PlayDefenseDefensePHYDFOFWanted %Time %Time Play
1Chandler Stephenson122550%0:00 Moritz SeiderAlexander Romanov122550%0:00
2Vincent Trocheck122450%0:00 Mario FerraroAlex Pietrangelo122450%0:00
4 vs 4 Forward
Line #CenterWingPHYDFOFWanted %Time %Time Play
1Sidney CrosbyNikita Kucherov1225563%1:15
2Chandler StephensonEl Burrito Peligroso1224537%0:44
4 vs 4 Defense
Line #DefensePHYDFOFWanted %Time %Time Play
1Moritz SeiderAdam Fox1225535%55% - 0:42
2Mario FerraroAlex Pietrangelo1224565%45% - 1:17
Last Minutes Offensive
Left WingCenterRight WingDefenseDefense
Alex OvechkinSidney CrosbyNikita KucherovMoritz SeiderAdam Fox
Last Minutes Defensive
Left WingCenterRight WingDefenseDefense
Alex OvechkinSidney CrosbyJake EvansMoritz SeiderAlexander Romanov
Time
Total ForwardTotal DefenseLast Minutes OffensiveLast Minutes Defensive
60:00 60:00 0:000:24
Extra Forwards
Normal PowerPlayPenalty Kill
Kevin Fiala, Alex Ovechkin, Timo MeierKevin Fiala, Filip ForsbergKevin Fiala
Extra Defensemen
Normal PowerPlayPenalty Kill
Alexander Romanov, Adam Fox, Zach WhitecloudAlexander Romanov, Alexander RomanovAdam Fox
Penalty Shots
Nikita Kucherov, Alex Ovechkin, Sidney Crosby, El Burrito Peligroso, Adam Fox
Goalie
Juuse Saros, Pyotr Kochetkov
Custom OT Lines Forwards
Nikita Kucherov, Alex Ovechkin, Sidney Crosby, El Burrito Peligroso, Kevin Fiala, Filip Forsberg, Timo Meier, Tyler Toffoli, Vincent Trocheck, Chandler Stephenson
Custom OT Lines Defensemen
Moritz Seider, Adam Fox, Mario Ferraro, Alex Pietrangelo, Alexander Romanov
Scratches
Barrett Hayton (Healthy), Alexandre Carrier (Healthy), Taylor Raddysh (Healthy)


Play-by-Play

1st period


0:01 of 1st period - Elias Pettersson wins face-off versus Sidney Crosby in neutral zone.
0:04 of 1st period - Moritz Seider is hit by David Krejci and loses puck.
0:19 of 1st period - Shot by Elias Pettersson.
0:19 of 1st period - Shot Misses the Net.
0:21 of 1st period - Shot by Connor Clifton.
0:21 of 1st period - Shot Blocked by Adam Fox.
0:23 of 1st period - Shot by Elias Pettersson.
0:23 of 1st period - Deflect By David Krejci.
0:23 of 1st period - Stopped by Juuse Saros without a rebound.
0:24 of 1st period - Chandler Stephenson wins face-off versus Brock Nelson in Giants zone.
0:49 of 1st period - Shot by Tomas Tatar.
0:49 of 1st period - Stopped by Juuse Saros without a rebound.
0:50 of 1st period - Vincent Trocheck wins face-off versus Adam Lowry in Giants zone.
0:50 of 1st period - Kevin Fiala is hit by Michael Rasmussen and loses puck.
0:57 of 1st period - Shot by Vincent Trocheck.
0:57 of 1st period - Stopped by Jacob Markstrom without a rebound.
0:58 of 1st period - Vincent Trocheck wins face-off versus Jesperi Kotkaniemi in Wuhan Clan zone.
0:59 of 1st period - Shot by Timo Meier.
0:59 of 1st period - Shot Misses the Net.
1:05 of 1st period - Shot by Timo Meier.
1:05 of 1st period - Stopped by Jacob Markstrom without a rebound.
1:06 of 1st period - Adam Lowry wins face-off versus Jake Evans in Wuhan Clan zone.
1:16 of 1st period - Adam Lowry is hit by El Burrito Peligroso and loses puck.
2:26 of 1st period - Shot by Kevin Fiala.
2:26 of 1st period - Shot Misses the Net.
3:32 of 1st period - El Burrito Peligroso is hit by Connor Clifton and loses puck.
3:38 of 1st period - El Burrito Peligroso is hit by Connor Clifton and loses puck.
3:49 of 1st period - Shot by Chandler Stephenson.
3:49 of 1st period - Stopped by Jacob Markstrom with a rebound.
6:08 of 1st period - Shot by Jesperi Kotkaniemi.
6:08 of 1st period - Stopped by Juuse Saros without a rebound.
6:09 of 1st period - Jesperi Kotkaniemi wins face-off versus Jake Evans in Giants zone.
6:29 of 1st period - Shot by Alex Pietrangelo.
6:29 of 1st period - Stopped by Jacob Markstrom without a rebound.
6:30 of 1st period - Chandler Stephenson wins face-off versus Adam Lowry in Wuhan Clan zone.
6:46 of 1st period - Joel Edmundson is hit by Kevin Labanc.
6:58 of 1st period - Shot by Adam Lowry.
6:58 of 1st period - Goal by Adam Lowry - Wuhan Clan : 1 - Giants : 0.
6:59 of 1st period - Sidney Crosby wins face-off versus Tomas Tatar in neutral zone.
7:36 of 1st period - Shot by Sidney Crosby.
7:36 of 1st period - Shot Misses the Net.
7:57 of 1st period - Icing by Moritz Seider.
7:58 of 1st period - Jesperi Kotkaniemi wins face-off versus Vincent Trocheck in Giants zone.
9:01 of 1st period - Shot by Alex Ovechkin.
9:01 of 1st period - Stopped by Jacob Markstrom without a rebound.
9:02 of 1st period - Sidney Crosby wins face-off versus David Krejci in Wuhan Clan zone.
9:26 of 1st period - Shot by Chu Kock.
9:26 of 1st period - Shot Misses the Net.
10:21 of 1st period - Shot by El Burrito Peligroso.
10:21 of 1st period - Shot Misses the Net.
11:05 of 1st period - Vincent Trocheck is hit by Kevin Labanc and loses puck.
11:58 of 1st period - Icing by Dougie Hamilton.
11:59 of 1st period - Sidney Crosby wins face-off versus Brock Nelson in Wuhan Clan zone.
12:02 of 1st period - Shot by Sidney Crosby.
12:02 of 1st period - Deflect By Nikita Kucherov.
12:02 of 1st period - Stopped by Jacob Markstrom without a rebound.
12:03 of 1st period - Sidney Crosby wins face-off versus Elias Pettersson in Wuhan Clan zone.
14:26 of 1st period - Jack Quinn is hit by Moritz Seider and loses puck.
15:23 of 1st period - Shot by Vincent Trocheck.
15:23 of 1st period - Stopped by Jacob Markstrom with a rebound.
15:29 of 1st period - Shot by Kevin Fiala.
15:29 of 1st period - Shot Blocked by Travis Dermott.
16:56 of 1st period - Adam Fox is hit by Gabriel Carlsson and loses puck.
17:30 of 1st period - Shot by Elias Pettersson.
17:30 of 1st period - Deflect By Chu Kock.
17:30 of 1st period - Shot Blocked by Adam Fox.
17:58 of 1st period - Shot by Nikita Kucherov.
17:58 of 1st period - Shot Misses the Net.
18:17 of 1st period - Icing by Mario Ferraro.
18:18 of 1st period - Elias Pettersson wins face-off versus Sidney Crosby in Giants zone.
18:32 of 1st period - Icing by Mario Ferraro.
18:33 of 1st period - Sidney Crosby wins face-off versus Elias Pettersson in Giants zone.
18:33 of 1st period - Sidney Crosby is hit by Chu Kock.
19:23 of 1st period - Brock Nelson is hit by Sidney Crosby and loses puck.
19:40 of 1st period - Off-side.
19:41 of 1st period - Jake Evans wins face-off versus Jesperi Kotkaniemi in neutral zone.
19:46 of 1st period - Aaron Ekblad is hit by Tyler Toffoli and loses puck.
Goals for this period are 1 for Wuhan Clan vs 0 for Giants.
Shots for this period are 4 for Wuhan Clan vs 7 for Giants.

2nd period


0:01 of 2nd period - Chandler Stephenson wins face-off versus Elias Pettersson in neutral zone.
0:20 of 2nd period - Alex Ovechkin is hit by Connor Clifton and loses puck.
1:27 of 2nd period - Icing by Joel Edmundson.
1:28 of 2nd period - Vincent Trocheck wins face-off versus Adam Lowry in Giants zone.
1:56 of 2nd period - Shot by Nikita Kucherov.
1:56 of 2nd period - Stopped by Jacob Markstrom without a rebound.
1:57 of 2nd period - Brock Nelson wins face-off versus Jake Evans in Wuhan Clan zone.
1:57 of 2nd period - Brock Nelson is hit by El Burrito Peligroso.
2:32 of 2nd period - Icing by Gabriel Carlsson.
2:33 of 2nd period - Jason Dickinson wins face-off versus Sidney Crosby in Wuhan Clan zone.
3:02 of 2nd period - Shot by Jesperi Kotkaniemi.
3:02 of 2nd period - Deflect By Elias Pettersson.
3:02 of 2nd period - Stopped by Juuse Saros without a rebound.
3:03 of 2nd period - Adam Lowry wins face-off versus Vincent Trocheck in Giants zone.
3:28 of 2nd period - Shot by Kevin Fiala.
3:28 of 2nd period - Shot Blocked by Jacob Larsson.
3:30 of 2nd period - Shot by Joel Edmundson.
3:30 of 2nd period - Stopped by Jacob Markstrom without a rebound.
3:31 of 2nd period - Elias Pettersson wins face-off versus Chandler Stephenson in Wuhan Clan zone.
3:31 of 2nd period - Chu Kock is hit by El Burrito Peligroso and loses puck.
4:33 of 2nd period - Joel Edmundson is hit by Connor Clifton and loses puck.
5:45 of 2nd period - Adam Lowry is hit by Joel Edmundson and loses puck.
5:53 of 2nd period - Adam Lowry is hit by Joel Edmundson and loses puck.
6:02 of 2nd period - Shot by Kevin Labanc.
6:02 of 2nd period - Stopped by Juuse Saros without a rebound.
6:03 of 2nd period - Jesperi Kotkaniemi wins face-off versus Chandler Stephenson in Giants zone.
6:12 of 2nd period - Jesperi Kotkaniemi is hit by El Burrito Peligroso and loses puck.
6:29 of 2nd period - Shot by El Burrito Peligroso.
6:29 of 2nd period - Shot Misses the Net.
6:31 of 2nd period - Shot by Alex Pietrangelo.
6:31 of 2nd period - Stopped by Jacob Markstrom without a rebound.
6:32 of 2nd period - Vincent Trocheck wins face-off versus Brock Nelson in Wuhan Clan zone.
6:39 of 2nd period - Shot by Timo Meier.
6:39 of 2nd period - Shot Misses the Net.
6:48 of 2nd period - Connor Clifton is hit by Moritz Seider.
7:07 of 2nd period - Icing by Aaron Ekblad.
7:08 of 2nd period - Brock Nelson wins face-off versus Chandler Stephenson in Wuhan Clan zone.
7:08 of 2nd period - Brock Nelson is hit by Alex Ovechkin.
7:15 of 2nd period - Jason Dickinson is hit by Mario Ferraro and loses puck.
7:28 of 2nd period - Chandler Stephenson is hit by Michael Rasmussen and loses puck.
7:39 of 2nd period - Shot by Adam Lowry.
7:39 of 2nd period - Stopped by Juuse Saros without a rebound.
7:40 of 2nd period - Vincent Trocheck wins face-off versus Jesperi Kotkaniemi in Giants zone.
8:40 of 2nd period - Jake Evans is hit by Gabriel Carlsson.
9:57 of 2nd period - Icing by Joel Edmundson.
9:58 of 2nd period - Sidney Crosby wins face-off versus Adam Lowry in Giants zone.
10:17 of 2nd period - Moritz Seider is hit by Adam Lowry and loses puck.
11:12 of 2nd period - Brock Nelson is hit by Mario Ferraro and loses puck.
11:21 of 2nd period - Icing by Alex Pietrangelo.
11:22 of 2nd period - Elias Pettersson wins face-off versus El Burrito Peligroso in Giants zone.
11:22 of 2nd period - Elias Pettersson is hit by Mario Ferraro.
11:29 of 2nd period - Alex Pietrangelo is hit by Connor Clifton and loses puck.
11:35 of 2nd period - Elias Pettersson is hit by Alex Pietrangelo and loses puck.
11:46 of 2nd period - Shot by David Krejci.
11:46 of 2nd period - Shot Misses the Net.
11:48 of 2nd period - Shot by Connor Clifton.
11:48 of 2nd period - Shot Misses the Net.
12:11 of 2nd period - Shot by Sidney Crosby.
12:11 of 2nd period - Deflect By Nikita Kucherov.
12:11 of 2nd period - Stopped by Jacob Markstrom with a rebound.
12:37 of 2nd period - Filip Forsberg is hit by Dougie Hamilton and loses puck.
12:41 of 2nd period - Filip Forsberg is hit by Dougie Hamilton and loses puck.
12:44 of 2nd period - Shot by Filip Forsberg.
12:44 of 2nd period - Stopped by Jacob Markstrom without a rebound.
12:45 of 2nd period - Vincent Trocheck wins face-off versus Michael Rasmussen in Wuhan Clan zone.
13:02 of 2nd period - Shot by Kevin Fiala.
13:02 of 2nd period - Shot Misses the Net.
13:51 of 2nd period - Mario Ferraro is hit by Adam Lowry and loses puck.
14:01 of 2nd period - Connor Clifton is hit by Tyler Toffoli.
14:19 of 2nd period - Shot by Aaron Ekblad.
14:19 of 2nd period - Stopped by Juuse Saros without a rebound.
14:19 of 2nd period - Minor Penalty to Mario Ferraro for Tripping.
14:19 of 2nd period - Minor Penalty to Chu Kock for Interference.
14:20 of 2nd period - Brock Nelson wins face-off versus Nikita Kucherov in Giants zone.
14:29 of 2nd period - Shot by Elias Pettersson.
14:29 of 2nd period - Stopped by Juuse Saros with a rebound.
15:29 of 2nd period - Shot by Chandler Stephenson.
15:29 of 2nd period - Shot Blocked by Travis Dermott.
15:31 of 2nd period - Shot by Alex Pietrangelo.
15:31 of 2nd period - Shot Misses the Net.
15:33 of 2nd period - Shot by El Burrito Peligroso.
15:33 of 2nd period - Shot Misses the Net.
16:00 of 2nd period - Shot by Nikita Kucherov.
16:00 of 2nd period - Shot Blocked by Dougie Hamilton.
16:02 of 2nd period - Shot by Adam Fox.
16:02 of 2nd period - Shot Misses the Net.
16:13 of 2nd period - Icing by Travis Dermott.
16:14 of 2nd period - El Burrito Peligroso wins face-off versus Adam Lowry in Wuhan Clan zone.
16:20 of 2nd period - Minor Penalty to Aaron Ekblad for Hooking.
16:21 of 2nd period - Vincent Trocheck wins face-off versus Elias Pettersson in Wuhan Clan zone.
16:30 of 2nd period - Shot by Alex Ovechkin.
16:30 of 2nd period - Stopped by Jacob Markstrom with a rebound.
16:32 of 2nd period - Shot by Mario Ferraro.
16:32 of 2nd period - Stopped by Jacob Markstrom with a rebound.
16:34 of 2nd period - Shot by El Burrito Peligroso.
16:34 of 2nd period - Shot Blocked by Elias Pettersson.
16:36 of 2nd period - Shot by Alex Pietrangelo.
16:36 of 2nd period - Shot Misses the Net.
16:38 of 2nd period - Shot by Vincent Trocheck.
16:38 of 2nd period - Goal by Vincent Trocheck - Wuhan Clan : 1 - Giants : 1.
16:39 of 2nd period - Vincent Trocheck wins face-off versus Brock Nelson in neutral zone.
16:49 of 2nd period - Off-side.
16:50 of 2nd period - Sidney Crosby wins face-off versus Elias Pettersson in neutral zone.
16:52 of 2nd period - Off-side.
16:53 of 2nd period - Sidney Crosby wins face-off versus Elias Pettersson in neutral zone.
17:30 of 2nd period - Icing by Travis Dermott.
17:31 of 2nd period - Chandler Stephenson wins face-off versus Elias Pettersson in Wuhan Clan zone.
18:36 of 2nd period - Shot by Timo Meier.
18:36 of 2nd period - Stopped by Jacob Markstrom without a rebound.
18:37 of 2nd period - Adam Lowry wins face-off versus Sidney Crosby in Wuhan Clan zone.
19:39 of 2nd period - Shot by Kevin Fiala.
19:39 of 2nd period - Stopped by Jacob Markstrom without a rebound.
19:40 of 2nd period - Elias Pettersson wins face-off versus Chandler Stephenson in Wuhan Clan zone.
19:40 of 2nd period - Elias Pettersson is hit by Alex Ovechkin.
19:54 of 2nd period - Shot by El Burrito Peligroso.
19:54 of 2nd period - Shot Misses the Net.
Goals for this period are 0 for Wuhan Clan vs 1 for Giants.
Shots for this period are 5 for Wuhan Clan vs 10 for Giants.

3rd period


0:01 of 3rd period - Chandler Stephenson wins face-off versus Elias Pettersson in neutral zone.
0:10 of 3rd period - Shot by El Burrito Peligroso.
0:10 of 3rd period - Stopped by Jacob Markstrom without a rebound.
0:11 of 3rd period - Vincent Trocheck wins face-off versus Brock Nelson in Wuhan Clan zone.
0:26 of 3rd period - Shot by Jason Dickinson.
0:26 of 3rd period - Shot Misses the Net.
0:34 of 3rd period - Shot by Jason Dickinson.
0:34 of 3rd period - Stopped by Juuse Saros with a rebound.
0:36 of 3rd period - Shot by Brock Nelson.
0:36 of 3rd period - Shot Misses the Net.
1:20 of 3rd period - Shot by Chandler Stephenson.
1:20 of 3rd period - Shot Misses the Net.
1:30 of 3rd period - Shot by Alex Ovechkin.
1:30 of 3rd period - Stopped by Jacob Markstrom without a rebound.
1:31 of 3rd period - Sidney Crosby wins face-off versus Adam Lowry in Wuhan Clan zone.
1:31 of 3rd period - Alex Pietrangelo is hit by Gabriel Carlsson and loses puck.
1:50 of 3rd period - Shot by Kevin Labanc.
1:50 of 3rd period - Stopped by Juuse Saros without a rebound.
1:51 of 3rd period - Chandler Stephenson wins face-off versus Jesperi Kotkaniemi in Giants zone.
1:51 of 3rd period - Chandler Stephenson is hit by Jesperi Kotkaniemi.
1:54 of 3rd period - Icing by El Burrito Peligroso.
1:55 of 3rd period - Chandler Stephenson wins face-off versus Brock Nelson in Giants zone.
2:00 of 3rd period - Shot by Alex Ovechkin.
2:00 of 3rd period - Shot Misses the Net.
2:10 of 3rd period - Shot by Brock Nelson.
2:10 of 3rd period - Stopped by Juuse Saros without a rebound.
2:11 of 3rd period - Sidney Crosby wins face-off versus Elias Pettersson in Giants zone.
2:11 of 3rd period - Sidney Crosby is hit by Chu Kock.
2:57 of 3rd period - Icing by Adam Fox.
2:58 of 3rd period - Brock Nelson wins face-off versus Filip Forsberg in Giants zone.
3:47 of 3rd period - Shot by Alex Ovechkin.
3:47 of 3rd period - Stopped by Jacob Markstrom with a rebound.
4:08 of 3rd period - Adam Lowry is hit by Timo Meier and loses puck.
4:31 of 3rd period - Shot by Elias Pettersson.
4:31 of 3rd period - Shot Misses the Net.
4:33 of 3rd period - Shot by Gabriel Carlsson.
4:33 of 3rd period - Stopped by Juuse Saros without a rebound.
4:34 of 3rd period - Jake Evans wins face-off versus Jesperi Kotkaniemi in Giants zone.
4:34 of 3rd period - Jake Evans is hit by Jesperi Kotkaniemi.
4:45 of 3rd period - El Burrito Peligroso is hit by Gabriel Carlsson and loses puck.
5:29 of 3rd period - Off-side.
5:30 of 3rd period - Vincent Trocheck wins face-off versus Adam Lowry in neutral zone.
5:55 of 3rd period - Shot by Timo Meier.
5:55 of 3rd period - Stopped by Jacob Markstrom with a rebound.
5:57 of 3rd period - Shot by Mario Ferraro.
5:57 of 3rd period - Goal by Mario Ferraro - Wuhan Clan : 1 - Giants : 2.
5:58 of 3rd period - Brock Nelson wins face-off versus Sidney Crosby in neutral zone.
6:27 of 3rd period - Shot by Tomas Tatar.
6:27 of 3rd period - Stopped by Juuse Saros without a rebound.
6:28 of 3rd period - Elias Pettersson wins face-off versus Vincent Trocheck in Giants zone.
7:57 of 3rd period - Shot by Tomas Tatar.
7:57 of 3rd period - Shot Misses the Net.
8:14 of 3rd period - Alex Ovechkin is hit by Aaron Ekblad and loses puck.
8:42 of 3rd period - Jason Dickinson is hit by Mario Ferraro and loses puck.
8:50 of 3rd period - Sidney Crosby is hit by Aaron Ekblad and loses puck.
9:24 of 3rd period - Icing by Adam Fox.
9:25 of 3rd period - Sidney Crosby wins face-off versus Jesperi Kotkaniemi in Giants zone.
9:44 of 3rd period - Shot by El Burrito Peligroso.
9:44 of 3rd period - Shot Hit the Post.
9:48 of 3rd period - Shot by Jake Evans.
9:48 of 3rd period - Shot Blocked by Jacob Larsson.
9:50 of 3rd period - Shot by Alexander Romanov.
9:50 of 3rd period - Stopped by Jacob Markstrom without a rebound.
9:50 of 3rd period - Minor Penalty to Jacob Larsson for Hooking.
9:51 of 3rd period - Vincent Trocheck wins face-off versus Adam Lowry in Wuhan Clan zone.
9:52 of 3rd period - Shot by Alex Ovechkin.
9:52 of 3rd period - Stopped by Jacob Markstrom without a rebound.
9:53 of 3rd period - Adam Lowry wins face-off versus Vincent Trocheck in Wuhan Clan zone.
9:53 of 3rd period - Adam Lowry is hit by Alex Ovechkin.
10:47 of 3rd period - Icing by Alex Pietrangelo.
10:48 of 3rd period - Sidney Crosby wins face-off versus Jesperi Kotkaniemi in Giants zone.
10:53 of 3rd period - Shot by Alex Pietrangelo.
10:53 of 3rd period - Stopped by Jacob Markstrom with a rebound.
10:55 of 3rd period - Shot by Sidney Crosby.
10:55 of 3rd period - Shot Misses the Net.
10:57 of 3rd period - Shot by Alex Pietrangelo.
10:57 of 3rd period - Stopped by Jacob Markstrom with a rebound.
10:59 of 3rd period - Shot by Mario Ferraro.
10:59 of 3rd period - Shot Blocked by Aaron Ekblad.
11:43 of 3rd period - El Burrito Peligroso is hit by Brock Nelson.
11:47 of 3rd period - Shot by Vincent Trocheck.
11:47 of 3rd period - Shot Misses the Net.
12:17 of 3rd period - Shot by Kevin Labanc.
12:17 of 3rd period - Stopped by Juuse Saros without a rebound.
12:18 of 3rd period - Kevin Fiala wins face-off versus Elias Pettersson in Giants zone.
13:10 of 3rd period - Sidney Crosby is hit by Connor Clifton and loses puck.
13:15 of 3rd period - Shot by Sidney Crosby.
13:15 of 3rd period - Stopped by Jacob Markstrom without a rebound.
13:16 of 3rd period - Kevin Labanc wins face-off versus Alex Ovechkin in Wuhan Clan zone.
14:09 of 3rd period - Icing by Sidney Crosby.
14:10 of 3rd period - Chu Kock wins face-off versus Sidney Crosby in Giants zone.
15:31 of 3rd period - Shot by Jason Dickinson.
15:31 of 3rd period - Stopped by Juuse Saros without a rebound.
15:32 of 3rd period - Jesperi Kotkaniemi wins face-off versus Chandler Stephenson in Giants zone.
15:39 of 3rd period - Shot by Elias Pettersson.
15:39 of 3rd period - Stopped by Juuse Saros with a rebound.
15:41 of 3rd period - Shot by Jesperi Kotkaniemi.
15:41 of 3rd period - Deflect By Elias Pettersson.
15:41 of 3rd period - Shot Misses the Net.
15:43 of 3rd period - Shot by Jack Quinn.
15:43 of 3rd period - Deflect By Elias Pettersson.
15:43 of 3rd period - Shot Misses the Net.
16:00 of 3rd period - Jesperi Kotkaniemi is hit by Alexander Romanov and loses puck.
16:15 of 3rd period - Connor Clifton is hit by Alex Ovechkin and loses puck.
16:59 of 3rd period - Shot by Tomas Tatar.
16:59 of 3rd period - Deflect By Jason Dickinson.
16:59 of 3rd period - Shot Misses the Net.
17:01 of 3rd period - Shot by Jason Dickinson.
17:01 of 3rd period - Shot Misses the Net.
17:03 of 3rd period - Shot by Jason Dickinson.
17:03 of 3rd period - Shot Misses the Net.
17:05 of 3rd period - Shot by Travis Dermott.
17:05 of 3rd period - Stopped by Juuse Saros without a rebound.
17:06 of 3rd period - Sidney Crosby wins face-off versus Elias Pettersson in Giants zone.
17:23 of 3rd period - Shot by Sidney Crosby.
17:23 of 3rd period - Stopped by Jacob Markstrom with a rebound.
18:12 of 3rd period - Shot by Tomas Tatar.
18:12 of 3rd period - Shot Misses the Net.
18:52 of 3rd period - Aaron Ekblad is hit by Zach Whitecloud and loses puck.
18:55 of 3rd period - Wuhan Clan, Jacob Markstrom is pulled from the net.
18:55 of 3rd period - Shot by Adam Lowry.
18:55 of 3rd period - Shot Misses the Net.
19:03 of 3rd period - Shot by Michael Rasmussen.
19:03 of 3rd period - Stopped by Juuse Saros with a rebound.
19:43 of 3rd period - Shot by El Burrito Peligroso.
19:43 of 3rd period - Goal by El Burrito Peligroso - Wuhan Clan : 1 - Giants : 3.
19:43 of 3rd period - Jacob Markstrom from Wuhan Clan was sent back in the game.
19:44 of 3rd period - Jesperi Kotkaniemi wins face-off versus Tyler Toffoli in neutral zone.
19:46 of 3rd period - Off-side.
19:47 of 3rd period - Brock Nelson wins face-off versus Sidney Crosby in neutral zone.
19:52 of 3rd period - Icing by Mario Ferraro.
19:53 of 3rd period - Sidney Crosby wins face-off versus Elias Pettersson in Giants zone.
Goals for this period are 0 for Wuhan Clan vs 2 for Giants.
Shots for this period are 10 for Wuhan Clan vs 12 for Giants.